 Dungeon Crawl Stone Soup version bcrawl-1.35.4c (webtiles) character file.

Game seed: 14660537037216917736

423952 feta the Destroyer (level 12, -2/76 HPs)
             Began as a Skeleton Conjurer on Feb 14, 2022.
             Was an Elder of Vehumet.
             Shot with an arrow by a centaur warrior (6 damage)
             ... on level 12 of the Dungeon.
             The game lasted 00:37:50 (13751 turns).

feta the Destroyer (Skeleton Conjurer)             Turns: 13751, Time: 00:37:50

Health: -2/76      AC: 17    Str: 19      XL:     12   Next: 79%
Magic:  0/27       EV: 14    Int: 18 (20) God:    Vehumet [****..]
Gold:   784        SH:  0    Dex: 10 (12) Spells: 22/34 levels left

rFire    . . .     SeeInvis .   q - +2 scimitar of the King {flame, Str+2 Dex+3} (curse)
rCold    + . .     Gourm    .   (no shield)
rNeg     + + +     Faith    .   t - +1 robe {RegenMP}
rPois    ∞         Spirit   +   n - +0 helmet {Int+3}
rElec    .         Reflect  .   (no cloak)
rCorr    .                      (no gloves)
MR       +....                  s - +0 pair of boots (curse)
Stlth    ++........             p - amulet of magic regeneration
HPRegen  0.22/turn              d - +6 ring of protection
MPRegen  0.65/turn              o - +5 ring of protection

@: about to teleport, very slightly contaminated
A: no food or potions, cold resistance 1, deterioration 1, negative energy
resistance 3, powered by death 1, torment resistance, unbreathing, magic shield,
sturdy frame 2, spell healing
a: Renounce Religion


You were on level 12 of the Dungeon.
You worshipped Vehumet.
Vehumet was greatly pleased with you.
You were not hungry.

You visited 2 branches of the dungeon, and saw 13 of its levels.

You collected 784 gold pieces.

Inventory:

Hand Weapons
 h - a +1 dagger of electrocution
 q - the cursed +2 scimitar of the King (weapon) {flame, Str+2 Dex+3}
   (You found it on level 9 of the Dungeon)

   It has been specially enchanted to surge with flame as it hits, increasing
   damage dealt by approximately one third against foes not resistant or
   susceptible to fire.
   Its heat also prevents any hydra heads it cuts off from regrowing.
   It affects your strength (+2).
   It affects your dexterity (+3).
   It has a curse placed upon it.
Missiles
 f - 194 poisoned needles
 k - 483 poisoned tomahawks (quivered)
 u - 65 curare-tipped needles
Armour
 n - a +0 helmet of intelligence (worn)
 s - a cursed +0 pair of boots (worn)
 t - a +1 robe of magic recovery (worn)
Magical Staves
 a - an uncursed staff of cold
Jewellery
 d - a +6 ring of protection (left hand)
 l - an uncursed ring of resist corrosion
 o - a +5 ring of protection (right hand)
 p - an amulet of magic regeneration (around neck)
 v - an uncursed amulet of regeneration
Scrolls
 b - 2 scrolls of amnesia
 c - a scroll of silence {unknown}
 e - 11 scrolls of remove curse
 g - 3 scrolls of teleportation
 j - 5 scrolls of enchant armour
 m - a scroll of noise
 r - 2 scrolls of enchant weapon
 w - a scroll of magic mapping
 x - 2 scrolls of immolation
 z - a scroll of brand weapon
Miscellaneous
 y - a phantom mirror


   Skills:
 + Level 9.0 Fighting
 + Level 9.3 Staves
 + Level 8.7 Armour
 - Level 6.0 Dodging
 - Level 2.4 Stealth
 + Level 11.8 Spellcasting
 + Level 12.7 Conjurations
 + Level 7.1 Evocations


You had 22 spell levels left.
You knew the following spells:

 Your Spells              Type           Power        Failure   Level  Hunger
a - Flame Tongue          Conj/Fire      ####.        1%          1    N/A
b - Lightning Bolt        Conj/Air       ####......   4%          5    N/A
c - Mephitic Cloud        Conj/Pois/Air  ####....     1%          3    N/A
r - Searing Ray           Conj           ######..     1%          2    N/A
z - Magic Dart            Conj           ####         1%          1    N/A

Your spell library contained the following spells:

 Spells                   Type           Power        Failure   Level  Hunger
 Sandblast                Erth           ##....       1%          1    N/A
 Shock                    Conj/Air       ####.        1%          1    N/A
 Dazzling Orbs            Conj/Hex       ####...      1%          3    N/A
 Iskenderun's Mystic Bla  Conj           ######..     1%          3    N/A
 Fulminant Prism          Conj/Hex       ####......   1%          4    N/A
 Irradiate                Conj/Tmut      ####......   4%          5    N/A
 Apportation              Tloc           ##....       7%          1    N/A
 Infusion                 Chrm           ##......     7%          1    N/A
 Slow                     Hex            ##......     7%          1    N/A
 Summon Butterflies       Summ           ##......     7%          1    N/A
 Ensorcelled Hibernation  Hex/Ice        ##....       10%         2    N/A
 Swiftness                Chrm/Air       ##......     10%         2    N/A
 Airstrike                Air            ##........   17%         4    N/A
 Yara's Violent Unravell  Hex/Tmut       ##........   17%         4    N/A
 Confuse                  Hex            ##......     21%         3    N/A
 Static Discharge         Air            ##......     21%         3    N/A
 Petrify                  Tmut/Erth      ##........   54%         4    N/A
 Mana Rupture             Conj/Hex       ####......   69%         7    N/A
 Metabolic Englaciation   Hex/Ice        ##........   88%         5    N/A
 Borgnjor's Vile Clutch   Necr/Erth      ##........   100%        6    N/A
 Darkness                 Hex            ##........   100%        6    N/A
 Infestation              Hex/Tmut/Pois  ##.......    100%        6    N/A
 Shadow Creatures         Summ           N/A          100%        7    N/A
 Time Stop                Chrm/Tloc      N/A          100%        8    N/A

Dungeon Overview and Level Annotations

Branches:
Dungeon (12/12)            Temple (1/1) D:6            Lair (0/6) D:7
    Orc (0/1) D:8
 Vaults: D:11-12     Depths: D:12

Altars:
Ashenzari
Cheibriados
Dithmenos
Elyvilon
Fedhas
Gozag
Hepliaklqana
Kikubaaqudgha
Lugonu
Makhleb
Nemelex Xobeh
Okawaru
Qazlal
Ru
Sif Muna
Trog
Uskayaw
Vehumet
Wu Jian
Xom
Yredelemnul
Zin
The Shining One

Shops:
D:4 %   D:9 =


Innate Abilities, Weirdness & Mutations

You do not eat or drink.
You are immune to poison.
Your flesh is cold resistant. (rC+)
Your body sometimes deteriorates upon taking damage.
You are immune to negative energy. (rN+++)
You regenerate a little health from kills.
You are immune to unholy pain and torment.
You can survive without breathing.
When hurt, damage is shared between your health and your magic reserves.
Your movements are less encumbered by armour. (ER -4)
Casting spells heals you.


Message History

Aiming: Searing Ray (safe; 1% risk of failure)
Press: ? - help, Shift-Dir - straight line, f/p - centaur warrior
Aim: a centaur warrior, quivering 77 arrows (lightly wounded)
Okay, then.
Blink to where?
Press: ? - help, Dir - move target cursor, p - centaur warrior You are very lightly contaminated with residual magic.
As you read the scroll of blinking, it crumbles to dust.
The centaur warrior wields a +0 longbow.
The centaur warrior shoots an arrow.
The arrow hits you!!
* * * LOW HITPOINT WARNING * * *
Your body deteriorates!
You feel dopey.
Okay, then.
Okay, then.
You can't drink.
Unknown command.
As you read the scroll of teleportation, it crumbles to dust.
You feel strangely unstable.
The centaur warrior shoots an arrow.
The arrow hits you!
You die...

#.........######...#####
#...#######....#...#...#
##### ##...#...#...#
##..#...#...#
#..........#
#..........#
#..........#
#..#####...#
#@.#.......#
##..#.......#
##...#.......#
#....#########
#....#.......
..######....#.......
............#.......
...........c#.....
...........)#...#


You could see a centaur warrior.

Vanquished Creatures
  Josephine (D:12)
  Erolcha (D:9)
  Psyche (D:9)
  2 centaur warriors (D:11)
  4 two-headed ogres
  An unseen horror (D:11)
  A cyclops (D:12)
  A manticore (D:11)
  An ugly thing (D:11)
  A gargoyle (D:10)
  A troll (D:8)
  A merfolk (D:10)
  Grinder (D:4)
  4 hippogriffs
  3 slime creatures (D:11)
  Prince Ribbit (D:7)
  5 wraiths
  A redback (D:11)
  A basilisk (D:8)
  6 yaks
  3 hungry ghosts
  5 humans (D:9)
  A steam dragon (D:8)
  2 vampire mosquitoes (D:11)
  2 water moccasins
  A crocodile (D:8)
  6 porcupines (D:7)
  3 orc warriors
  A soldier ant (D:7)
  3 ice beasts
  3 sky beasts
  4 black bears
  3 phantoms
  6 ogres
  9 centaurs
  7 bullfrogs
  A wyvern zombie (D:9)
  2 scorpions (D:6)
  4 killer bees (D:7)
  5 howler monkeys
  8 wights
  6 electric eels (D:6)
  5 orc priests
  9 crimson imps
  A quasit (D:9)
  2 bullfrog skeletons (D:7)
  A jelly (D:5)
  9 orc wizards
  A bullfrog zombie (D:4)
  2 hounds
  5 centaur skeletons
  3 iguanas
  5 worker ants
  2 worker ant zombies
  A howler monkey skeleton (D:8)
  14 adders
  A shadow imp (D:8)
  2 oozes (D:1)
  2 adder zombies
  An adder skeleton (D:5)
  A worm (D:3)
  A dart slug (D:3)
  6 leopard geckos
  23 orcs
  4 bats
  4 bat zombies (D:4)
  4 giant cockroaches
  10 goblins
  10 hobgoblins
  9 jackals
  A quokka (D:4)
  3 ball pythons
  4 frilled lizards
  11 kobolds
  A quokka skeleton (D:4)
  8 rats
  A rat zombie (D:4)
290 creatures vanquished.

Vanquished Creatures (others)
  Gastronok (D:8)
  17 fungi (D:7)
  8 plants
26 creatures vanquished.

Grand Total: 316 creatures vanquished

Notes
Turn   | Place    | Note
-------+----------+-------------------------------------------
     0 | D:1      | feta the Skeleton Conjurer began the quest for the Orb.
     0 | D:1      | Reached XP level 1. HP: 10/10 MP: 4/4
    55 | D:1      | Reached skill level 5 in Conjurations
    65 | D:1      | Reached XP level 2. HP: 16/16 MP: 0/6
   338 | D:1      | Reached skill level 1 in Fighting
   607 | D:1      | Reached XP level 3. HP: 20/20 MP: 6/8
  1168 | D:2      | Found a faded altar of an unknown god.
  1233 | D:2      | Learned a level 2 spell: Searing Ray
  1825 | D:2      | Reached XP level 4. HP: 25/25 MP: 1/9
  1962 | D:2      | Reached skill level 6 in Conjurations
  2743 | D:3      | Reached XP level 5. HP: 30/30 MP: 7/11
  3482 | D:4      | Found an ancient bone altar of Kikubaaqudgha.
  3523 | D:4      | Reached skill level 7 in Conjurations
  3713 | D:4      | Noticed Grinder
  3720 | D:4      | Gained mutation: You regenerate a little health from kills.
                  | [Skeleton growth]
  3720 | D:4      | Reached XP level 6. HP: 36/36 MP: 7/13
  3752 | D:4      | Killed Grinder
  3753 | D:4      | Reached skill level 5 in Spellcasting
  3923 | D:4      | Noticed a +0 dagger
  3924 | D:4      | Noticed a +0 dagger
  3937 | D:4      | Found Eskoij's Food Shoppe.
  3951 | D:4      | Found a hide-covered altar of Uskayaw.
  4051 | D:4      | Reached skill level 8 in Conjurations
  4051 | D:4      | Reached XP level 7. HP: 41/41 MP: 10/15
  4153 | D:5      | Entered Level 5 of the Dungeon
  4310 | D:5      | Found a shimmering blue altar of Sif Muna.
  4344 | D:5      | Found a stormy altar of Qazlal.
  4479 | D:5      | Found a sacrificial altar of Ru.
  5196 | D:6      | Reached skill level 9 in Conjurations
  5255 | D:6      | Found a white marble altar of Elyvilon.
  5294 | D:6      | Found a staircase to the Ecumenical Temple.
  5307 | Temple   | Entered the Ecumenical Temple
  5464 | Temple   | Became a worshipper of Vehumet
  5824 | D:6      | Found a blossoming altar of Fedhas.
  6033 | D:6      | Reached skill level 1 in Staves
  6033 | D:6      | Reached XP level 8. HP: 48/48 MP: 18/18
  6120 | D:6      | Reached skill level 1 in Armour
  6301 | D:6      | Reached skill level 1 in Evocations
  7551 | D:7      | Reached skill level 5 in Fighting
  7637 | D:6      | HP: 1/49 [bullfrog (5)]
  7801 | D:6      | Reached XP level 9. HP: 43/54 MP: 15/20
  7942 | D:7      | Reached * piety under Vehumet
  7942 | D:7      | Offered knowledge of Freeze by Vehumet.
  7991 | D:7      | Reached skill level 10 in Conjurations
  8234 | D:7      | Found a glowing golden altar of the Shining One.
  8295 | D:7      | Noticed Prince Ribbit
  8300 | D:7      | Gained mutation: Your movements are less encumbered by
                  | armour. (ER -4) [Skeleton growth]
  8300 | D:7      | Reached XP level 10. HP: 60/60 MP: 18/22
  8304 | D:7      | Killed Prince Ribbit
  8365 | D:7      | Found a shimmering altar of Xom.
  8456 | D:7      | Reached skill level 5 in Staves
  8509 | D:7      | Found an iron altar of Okawaru.
  8563 | D:7      | Found a staircase to the Lair.
  8888 | D:8      | Reached ** piety under Vehumet
  8888 | D:8      | Offered knowledge of Flame Tongue by Vehumet.
  8895 | D:8      | Learned a level 1 spell: Flame Tongue
  8895 | D:8      | Found a staircase to the Orcish Mines.
  8909 | D:8      | Reached skill level 5 in Dodging
  8929 | D:8      | Got a transparent robe
  8963 | D:8      | Identified the +1 robe "Aschugug" {rElec rPois rN+ Stlth+}
                  | (You found it on level 8 of the Dungeon)
  9211 | D:8      | Found a shadowy altar of Dithmenos.
  9241 | D:8      | Reached skill level 5 in Armour
  9319 | D:8      | Noticed Gastronok
  9707 | D:8      | Killed Gastronok
  9708 | D:8      | Reached skill level 11 in Conjurations
  9708 | D:8      | Reached skill level 5 in Evocations
  9708 | D:8      | Reached XP level 11. HP: 34/67 MP: 5/24
  9881 | D:8      | Reached skill level 10 in Spellcasting
  9888 | D:8      | Learned a level 5 spell: Lightning Bolt
  9909 | D:8      | Offered knowledge of Throw Frost by Vehumet.
 10131 | D:9      | Noticed Erolcha
 10145 | D:9      | Killed Erolcha
 10332 | D:9      | Reached *** piety under Vehumet
 10338 | D:9      | Found a bloodstained altar of Trog.
 10389 | D:9      | Got a polished scimitar
 10393 | D:9      | Identified the cursed +2 scimitar of the King {flame, Str+2
                  | Dex+3} (You found it on level 9 of the Dungeon)
 10513 | D:9      | Found Hoiskaepn's Jewellery Shoppe.
 10627 | D:9      | Noticed Psyche
 10639 | D:9      | Killed Psyche
 10737 | D:9      | Noticed a two-headed ogre
 10745 | D:9      | Killed a two-headed ogre
 10854 | D:9      | Noticed a two-headed ogre
 10860 | D:9      | Killed a two-headed ogre
 10962 | D:9      | Noticed a two-headed ogre
 10970 | D:9      | Killed a two-headed ogre
 11039 | D:9      | Reached XP level 12. HP: 73/73 MP: 23/26
 11287 | D:10     | Entered Level 10 of the Dungeon
 11293 | D:10     | Reached skill level 12 in Conjurations
 11328 | D:10     | Offered knowledge of Mephitic Cloud by Vehumet.
 11335 | D:10     | Learned a level 3 spell: Mephitic Cloud
 11777 | D:10     | Noticed a catoblepas
 12352 | D:11     | Noticed a centaur warrior
 12374 | D:11     | Killed a centaur warrior
 12499 | D:11     | Noticed a centaur warrior
 12510 | D:11     | Killed a centaur warrior
 13240 | D:12     | Entered Level 12 of the Dungeon
 13464 | D:12     | Noticed Josephine
 13524 | D:12     | Killed Josephine
 13726 | D:12     | Noticed a two-headed ogre
 13736 | D:12     | Killed a two-headed ogre
 13741 | D:12     | Noticed a centaur warrior
 13749 | D:12     | Reached **** piety under Vehumet
 13751 | D:12     | Shot with an arrow by a centaur warrior

Skill      XL: |  1  2  3  4  5  6  7  8  9 10 11 12 |
---------------+-------------------------------------+-----
Conjurations   | 5 6 7 8 9 10 11 12 | 12.7
Fighting       | 1 2 3 4 5 6 7 8 9 |  9.0
Spellcasting   | 4 5 6 7 8 9 10 11 | 11.8
Staves         | 1 3 4 6 7 9 |  9.3
Armour         | 2 4 6 7 8 |  8.7
Evocations     | 2 3 5 6 7 |  7.1
Dodging        | 3 4 6 |  6.0
Stealth        | |  2.4

Action                   |  1- 3 |  4- 6 |  7- 9 | 10-12 || total
-------------------------+-------+-------+-------+-------++-------
Melee: Unarmed           |    15 |       |       |       ||    15
       Club              |     7 |       |       |       ||     7
       Falchion          |     8 |       |       |       ||     8
       Dagger            |       |    11 |    32 |    15 ||    58
       Staff             |       |       |    22 |       ||    22
       Scimitar          |       |       |       |    35 ||    35
Throw: Tomahawk          |       |       |     9 |     3 ||    12
       Throwing net      |       |       |       |     2 ||     2
 Cast: Magic Dart        |    84 |   118 |   173 |   224 ||   599
       Searing Ray       |     1 |     5 |    24 |    76 ||   106
       Flame Tongue      |       |       |       |     5 ||     5
       Mephitic Cloud    |       |       |       |     1 ||     1
  Use: Scroll            |       |       |     6 |     7 ||    13
Armor: Robe              |    13 |    12 |    99 |   122 ||   246
Dodge: Dodged            |    30 |    24 |   145 |   166 ||   365
